 Dungeon Crawl Stone Soup version 0.28-a0-1412-gf95308ed99 (webtiles) character file.

Game seed: 16296662898678286989

1243 snetch the Slicer (level 8, -3/63 (67) HPs)
             Began as a Gnoll Wanderer on Jan 6, 2022.
             Was a High Priest of Ignis.
             Slain by an orc warrior (12 damage)
             ... on level 6 of the Dungeon.
             The game lasted 00:17:37 (6513 turns).

snetch the Slicer (Gnoll Wanderer)                  Turns: 6513, Time: 00:17:38

HP:   -3/63 (67)    AC: 13    Str:  9    XL:     8   Next: 50%
MP:   13/13         EV: 12    Int: 12    God:    Ignis [*****.]
Gold: 375           SH:  0    Dex: 16    Spells: 13/13 levels left

rFire   + . .      SeeInvis .   a - +3 short sword
rCold   . . .      Faith    .   (no shield)
rNeg    . . .      Spirit   .   u - +0 ring mail
rPois   .          Reflect  .   (no helmet)
rElec   .          Harm     .   b - +0 cloak
rCorr   .          Rampage  .   K - +1 pair of gloves
Will    +....                   (no boots)
Stlth   ++........              A - amulet of the acrobat
HPRegen 0.20/turn               n - +4 ring of protection
MPRegen 0.13/turn               j - ring of willpower

@: drained
A: fangs 1, strong nose, distributed training
a: Renounce Religion, Fiery Armour, Foxfire Swarm, Rising Flame


You were on level 6 of the Dungeon.
You worshipped Ignis.
Ignis was extremely pleased with you.
You visited 2 branches of the dungeon, and saw 8 of its levels.

You collected 375 gold pieces.

Inventory:

Hand Weapons
 a - a +3 short sword (weapon)
 p - a +1 flail of protection
 C - a +0 dagger of venom
 L - a +0 trident
 M - a +0 long sword of draining
Missiles
 e - 63 arrows
 g - 4 boomerangs
 k - 287 stones
 w - 52 bolts
 I - 26 sling bullets
 N - a throwing net
 P - 13 poisoned darts (quivered)
Armour
 b - a +0 cloak (worn)
 c - a +0 kite shield
 t - a +0 scale mail
 u - a +0 ring mail (worn)
 H - a +0 chain mail
 K - a +1 pair of gloves (worn)
Jewellery
 j - a ring of willpower (right hand)
 n - a +4 ring of protection (left hand)
 A - an amulet of the acrobat (around neck)
 B - a ring of flight
 F - a ring of resist corrosion
Scrolls
 h - 2 scrolls of brand weapon {unknown}
 i - 2 scrolls of teleportation {unknown}
 m - 2 scrolls of magic mapping {unknown}
 s - 4 scrolls of fear {unknown}
 v - a scroll of noise {unknown}
 x - 6 scrolls of identify {unknown}
 y - a scroll of amnesia {unknown}
 O - a scroll of blinking {unknown}
 Q - a scroll of enchant weapon {unknown}
 R - a scroll of holy word {unknown}
Potions
 d - a potion of mutation {unknown}
 f - a potion of degeneration {unknown}
 l - a potion of attraction {unknown}
 o - 4 potions of haste
 q - a potion of invisibility {unknown}
 r - a potion of lignification {unknown}
 z - a potion of heal wounds {unknown}
 D - 3 potions of curing {unknown}
 E - 2 potions of ambrosia {unknown}
 G - a potion of brilliance {unknown}
 J - a potion of cancellation {unknown}


   Skills:
 + Level 7.4 Fighting
 + Level 9.2 Short Blades
 + Level 3.3 Long Blades
 + Level 3.3 Axes
 + Level 3.3 Maces & Flails
 + Level 3.3 Polearms
 + Level 3.3 Staves
 + Level 3.3 Slings
 + Level 3.3 Bows
 + Level 3.3 Crossbows
 + Level 3.3 Throwing
 + Level 3.3 Armour
 + Level 5.7 Dodging
 + Level 3.3 Stealth
 + Level 3.3 Shields
 + Level 3.3 Unarmed Combat
 + Level 3.3 Spellcasting
 + Level 2.7 Conjurations
 + Level 2.7 Hexes
 + Level 2.7 Summonings
 + Level 2.7 Necromancy
 + Level 2.7 Translocations
 + Level 2.7 Transmutations
 + Level 2.7 Fire Magic
 + Level 2.7 Ice Magic
 + Level 2.7 Air Magic
 + Level 2.7 Earth Magic
 + Level 2.7 Poison Magic
 + Level 3.6 Invocations
 + Level 4.2 Evocations


You had 13 spell levels left.
You didn't know any spells.
Your spell library contained the following spells:

 Spells                   Type           Power      Damage    Failure   Level
 Sublimation of Blood     Necr           8%         N/A       30%         2
 Wereblood                Tmut           8%         N/A       30%         2
 Conjure Flame            Conj/Fire      8%         6-21      52%         3
 Ignite Poison            Fire/Tmut/Pois 8%         N/A       52%         3
 Sticky Flame             Conj/Fire      8%         2d3       90%         4
 Summon Hydra             Summ           4%         N/A       100%        7


Dungeon Overview and Level Annotations

Branches:
Dungeon (7/15)             Temple (1/1) D:4

Altars:
Ashenzari
Cheibriados
Dithmenos
Elyvilon
Fedhas
Gozag
Hepliaklqana
Makhleb
Nemelex Xobeh
Okawaru
Qazlal
Ru
Sif Muna
Uskayaw
Vehumet
Wu Jian
Xom
The Shining One
Ignis

Shops:
D:2 [

Annotations:
D:6 1 transporter


Innate Abilities, Weirdness & Mutations

You have very sharp teeth.
Your uncanny sense of smell can sniff out nearby items.
Your experience applies equally to all skills.


Message History

You hit the orc warrior.
The orc warrior is moderately wounded.
The orc warrior hits you with a +0 dire flail.
You hit the orc warrior but do no damage.
The orc warrior is moderately wounded.
You hit the orc warrior.
The orc warrior is heavily wounded.
The orc warrior closely misses you.
You puncture the orc warrior!
The orc warrior is severely wounded.
You closely miss the orc warrior.
You bite the orc warrior, but do no damage.
The orc warrior is severely wounded.
The orc warrior barely misses you.
You hit the orc warrior.
The orc warrior is severely wounded.
The orc warrior closely misses you.
You hit the orc warrior.
The orc warrior is severely wounded.
You closely miss the orc warrior. Your bite misses the orc warrior.
The orc warrior is severely wounded.
The orc warrior hits you with a +0 dire flail!
You hit the orc warrior but do no damage.
The orc warrior is severely wounded.
The orc warrior closely misses you.
You barely miss the orc warrior.
The orc warrior is severely wounded.
You hit the orc warrior but do no damage.
The orc warrior is severely wounded.
The orc warrior hits you with a +0 dire flail.
You hit the orc warrior.
The orc warrior is almost dead.
The orc warrior hits you with a +0 dire flail!
* * * LOW HITPOINT WARNING * * *
You hit the orc warrior but do no damage.
The orc warrior is almost dead.
You hit the orc warrior but do no damage.
The orc warrior is almost dead.
The orc warrior hits you with a +0 dire flail!
You die...

.... #....#......
.....#+######....#......
.................#......
.................#######
...........÷....[.....#
......................#
......................#
....[..............>..##
....##@#######+###.....
... #.o.....#....#[....
+.......#....'.....
#..##...##.###..... ∆
#..##...##.#######.
#..##...##.......#.
#..#8...8#.......#.
#..##...##.......+.
+..##...##.......#.


You could see an orc warrior.

Vanquished Creatures
  Sigmund (D:3)
  A water moccasin (D:6)
  2 ogres
  A phantom (D:4)
  3 scorpions
  A water moccasin skeleton (D:4)
  A jelly (D:6)
  A gnoll shaman (D:5)
  Terence (D:3)
  5 iguanas
  2 orc wizards (D:6)
  A hound skeleton (D:5)
  A howler monkey zombie (D:6)
  3 gnolls (D:5)
  7 adders
  2 shadow imps (D:5)
  2 white imps
  2 ufetubi
  An adder skeleton (D:5)
  4 dart slugs
  6 orcs
  5 ball pythons
  10 bats
  9 endoplasms
  A giant cockroach (D:3)
  5 goblins
  8 hobgoblins
  2 jackals (D:5)
  5 kobolds
  A quokka (D:1)
  2 frilled lizards
  4 rats (D:1)
100 creatures vanquished.

Notes
Turn   | Place    | Note
-------+----------+-------------------------------------------
     0 | D:1      | snetch the Gnoll Wanderer began the quest for the Orb.
     0 | D:1      | snetch set off with the following items: a +3 short sword,
                  | a +0 cloak, a +0 robe
     0 | D:1      | Reached XP level 1. HP: 23/23 MP: 1/1
   123 | D:1      | Reached XP level 2. HP: 29/29 MP: 2/2
   484 | D:3      | Noticed Sigmund
   725 | D:1      | Reached XP level 3. HP: 33/35 MP: 3/3
   999 | D:1      | Reached skill level 1 in Invocations
  1190 | D:1      | Found a faded altar of an unknown god.
  1193 | D:1      | Prayed at the altar of an unknown god.
  1193 | D:1      | Became a worshipper of Ignis, the Dying Flame
  1381 | D:2      | Found Qucwumn's Armour Shoppe.
  1439 | D:3      | Reached skill level 1 in Long Blades
  1439 | D:3      | Reached skill level 1 in Axes
  1439 | D:3      | Reached skill level 1 in Maces & Flails
  1439 | D:3      | Reached skill level 1 in Polearms
  1439 | D:3      | Reached skill level 1 in Staves
  1439 | D:3      | Reached skill level 1 in Slings
  1439 | D:3      | Reached skill level 1 in Bows
  1439 | D:3      | Reached skill level 1 in Crossbows
  1439 | D:3      | Reached skill level 1 in Throwing
  1439 | D:3      | Reached skill level 1 in Armour
  1439 | D:3      | Reached skill level 1 in Stealth
  1439 | D:3      | Reached skill level 1 in Shields
  1439 | D:3      | Reached skill level 1 in Unarmed Combat
  1439 | D:3      | Reached skill level 1 in Spellcasting
  1681 | D:3      | Reached XP level 4. HP: 41/41 MP: 5/5
  1841 | D:4      | Found a staircase to the Ecumenical Temple.
  1865 | D:4      | Reached skill level 1 in Conjurations
  1865 | D:4      | Reached skill level 1 in Hexes
  1865 | D:4      | Reached skill level 1 in Summonings
  1865 | D:4      | Reached skill level 1 in Necromancy
  1865 | D:4      | Reached skill level 1 in Translocations
  1865 | D:4      | Reached skill level 1 in Transmutations
  1865 | D:4      | Reached skill level 1 in Fire Magic
  1865 | D:4      | Reached skill level 1 in Ice Magic
  1865 | D:4      | Reached skill level 1 in Air Magic
  1865 | D:4      | Reached skill level 1 in Earth Magic
  1865 | D:4      | Reached skill level 1 in Poison Magic
  1875 | Temple   | Entered the Ecumenical Temple
  2099 | D:4      | Found an opulent altar of Gozag.
  2112 | D:4      | Reached XP level 5. HP: 42/47 MP: 6/6
  2218 | D:4      | Noticed a phantom
  2241 | D:4      | Killed a phantom
  2245 | D:5      | Entered Level 5 of the Dungeon
  2516 | D:3      | Killed Sigmund
  2517 | D:3      | Reached skill level 5 in Dodging
  2517 | D:3      | Reached XP level 6. HP: 8/53 MP: 7/9
  2991 | D:2      | Found a sacrificial altar of Ru.
  3212 | D:3      | Noticed Terence
  3245 | D:3      | Killed Terence
  3797 | D:4      | Reached XP level 7. HP: 58/60 MP: 10/10
  4060 | D:5      | Found a stormy altar of Qazlal.
  4173 | D:4      | Found a hazy altar of Hepliaklqana.
  4173 | D:4      | Found an ornate altar of the Wu Jian Council.
  4768 | D:5      | Reached skill level 9 in Short Blades
  5023 | D:5      | Reached XP level 8. HP: 51/67 MP: 12/12
  5183 | D:5      | Found a radiant altar of Vehumet.
  5538 | D:5      | Found a shadowy altar of Dithmenos.
  5822 | D:5      | Found a burning altar of Makhleb.
  6401 | D:6      | Found a transporter.
  6513 | D:6      | Slain by an orc warrior

Illustrated notes

Levels and vault maps discovered:
D:1:      nagdon_arrival_zigzag_paths, layout_basic,
          shapermc_ecumenical_altar_mp_urbaneastern, minmay_tiny_reverse_x
D:2:      layout_rooms, basic_altar, serial_shops, shop
D:3:      layout_basic, kennysheep_cross_bottleneck,
          chequers_serial_rivers_micro_e, chequers_jeans,
          minmay_misc_feat_ornament, minmay_misc_feat_five,
          minmay_misc_feat_enclosed, uniq_sigmund, uniq_terence
D:4:      layout_cave_pools, lemuel_crystal_altar,
          gammafunk_temple_overflow_elements, minmay_temple_entry_large_hall
D:5:      layout_basic, mainiacjoe_overflow_six_doors_small,
          kennysheep_mini_moat, minitemple, serial_corexii_hall,
          corexii_hall_statues_l, chequers_hall_statues_wall_a,
          chequers_hall_statues_corner_a
D:6:      gammafunk_cloud_chamber, layout_gridville, kennysheep_mini,
          corexii_hall_statues_x
D:7:      layout_cave_pods, hellmonk_bongcloud_opening
Temple:   minmay_temple_curvy_loop

Skill      XL: |  1  2  3  4  5  6  7  8 |
---------------+-------------------------+-----
Invocations    | 1 2 3 |  3.6
Long Blades    | 1 2 3 |  3.3
Axes           | 1 2 3 |  3.3
Maces & Flails | 1 2 3 |  3.3
Polearms       | 1 2 3 |  3.3
Staves         | 1 2 3 |  3.3
Slings         | 1 2 3 |  3.3
Bows           | 1 2 3 |  3.3
Crossbows      | 1 2 3 |  3.3
Throwing       | 1 2 3 |  3.3
Armour         | 1 2 3 |  3.3
Stealth        | 1 2 3 |  3.3
Shields        | 1 2 3 |  3.3
Unarmed Combat | 1 2 3 |  3.3
Spellcasting   | 1 2 3 |  3.3
Conjurations   | 1 2 |  2.7
Hexes          | 1 2 |  2.7
Summonings     | 1 2 |  2.7
Necromancy     | 1 2 |  2.7
Translocations | 1 2 |  2.7
Transmutations | 1 2 |  2.7
Fire Magic     | 1 2 |  2.7
Ice Magic      | 1 2 |  2.7
Air Magic      | 1 2 |  2.7
Earth Magic    | 1 2 |  2.7
Poison Magic   | 1 2 |  2.7
Evocations     | 3 4 |  4.2
Dodging        | 5 |  5.7
Fighting       | 7 |  7.4
Short Blades   | 9 |  9.2

Action                   |  1- 3 |  4- 6 |  7- 9 || total
-------------------------+-------+-------+-------++-------
Melee: Short sword       |    96 |   157 |   276 ||   529
       Bite              |     9 |    16 |    31 ||    56
       Punch             |     2 |       |    11 ||    13
  Use: Potion            |       |     2 |       ||     2
 Stab: Sleeping          |     2 |     3 |     1 ||     6
Armor: Robe              |    24 |       |       ||    24
       Leather armour    |     7 |    22 |       ||    29
       Ring mail         |       |    11 |    59 ||    70
Dodge: Dodged            |    72 |    66 |   129 ||   267

Table legend: (Time is in decaauts)
 A = Elapsed time spent in this place.
 B = Non-inter-level travel time spent in this place.
 C = Inter-level travel time spent in this place.
 D = Time resting spent in this place.
 E = Time spent auto-exploring this place.
 F = Levels seen in this place.
 G = Mean time per level.
                   A        B        C        D        E       F      G
               +--------+--------+--------+--------+--------+-----+--------+
         Total |   6323 |   6105 |    218 |    128 |   4110 |   8 |  790.4 |
       Dungeon |   6103 |   5908 |    195 |    128 |   3918 |   7 |  871.9 |
        Temple |    219 |    196 |     23 |      0 |    192 |   1 |  219.0 |
               +--------+--------+--------+--------+--------+-----+--------+

Top non-repeatable levels by time:
     D:5: 1345 daAuts
     D:3: 1185 daAuts
     D:4: 1064 daAuts
     D:2: 968 daAuts
     D:1: 902 daAuts
     D:6: 629 daAuts
  Temple: 219 daAuts
     D:7: 8 daAuts
